 Dungeon Crawl Stone Soup version 0.25.0-1-g7eea58d (webtiles) character file.

Game seed: 12773873127142762695

329 edsrzf the Cudgeler (level 6, -2/62 HPs)
             Began as an Ogre Enchanter on June 27, 2020.
             Slain by a gnoll
             ... wielding a +0 spear
              (7 damage)
             ... on level 6 of the Dungeon.
             The game lasted 00:13:29 (6671 turns).

edsrzf the Cudgeler (Ogre Enchanter)                Turns: 6671, Time: 00:13:32

Health: -2/62      AC:  3    Str: 12 (15) XL:     6   Next: 50%
Magic:  10/10      EV:  5    Int: 14 (16) God:
Gold:   170        SH:  0    Dex:  6 (9)  Spells: 10/11 levels left

rFire    . . .     SeeInvis .   a - +0 flail
rCold    . . .     Gourm    .   (no shield)
rNeg     . . .     Faith    .   b - +0 robe
rPois    +         Spirit   .   (helmet restricted)
rElec    .         Reflect  .   j - scarf {+Inv}
rCorr    .         Harm     .   (gloves unavailable)
MR       .....                  (boots unavailable)
Stlth    ++........             (no amulet)
HPRegen  0.20/turn              u - -4 ring of evasion (curse)
MPRegen  0.12/turn              g - ring of poison resistance

@: no status effects
A: large, unfitting armour, tough skin 1
a: Evoke Invisibility


You were on level 6 of the Dungeon.
You were not hungry.

You visited 1 branch of the dungeon, and saw 5 of its levels.

You collected 170 gold pieces.

Inventory:

Hand Weapons
 a - a +0 flail (weapon)
Missiles
 e - 165 stones (quivered)
 i - 6 boomerangs
 q - 8 poisoned darts
 t - 5 large rocks
Armour
 b - a +0 robe (worn)
 j - a scarf of invisibility (worn)
Jewellery
 f - an uncursed ring of positive energy
 g - a ring of poison resistance (right hand)
 u - a cursed -4 ring of evasion (left hand)
Scrolls
 h - a scroll of blinking
 m - a scroll of identify {@r1}
 o - a scroll of fog
 p - a scroll of amnesia
Potions
 l - a potion of magic {unknown}
 n - 2 potions of degeneration
Comestibles
 c - a chunk of flesh
 d - 6 rations


   Skills:
 - Level 4.0 Fighting
   Level 0.8 Short Blades
 + Level 4.6 Maces & Flails
 - Level 1.7 Dodging
 - Level 2.1 Stealth
 - Level 3.0 Spellcasting
 - Level 2.6 Hexes


You had 10 spell levels left.
You knew the following spells:

 Your Spells              Type           Power        Failure   Level  Hunger
a - Corona                Hex            #......      7%          1    #......

Your spell library contained the following spells:

 Spells                   Type           Power        Failure   Level  Hunger
 Ensorcelled Hibernation  Hex/Ice        #.....       19%         2    ##.....
 Confusing Touch          Hex            #.......     22%         3    ###....
 Tukima's Dance           Hex            #.......     22%         3    ###....
 Dazzling Flash           Conj/Hex       #.....       36%         3    ###....


Dungeon Overview and Level Annotations

Branches:
Dungeon (4/15)
 Temple: D:4-7

Altars:
Xom

Annotations:
D:2 Natasha
D:3 2 runed translucent doors, Malfunktioned's ghost, amateur GrFi
D:4 exclusion: two-headed ogre, Dowan


Innate Abilities, Weirdness & Mutations

You are too large for most types of armour.
You have tough skin. (AC +1)


Message History

Throwing (i - inventory. (/) - cycle)
e - 162 stones (quivered)
Press: ? - help, Shift-Dir - straight line, f/p - worm
Aim: a worm You throw a stone.
The stone hits the worm but does no damage.
Throwing (i - inventory. (/) - cycle)
e - 161 stones (quivered)
Press: ? - help, Shift-Dir - straight line, f/p - worm
Aim: a worm You throw a stone.
The stone barely misses the worm.
You hit the worm but do no damage. You hit the worm.
The worm is moderately wounded.
The worm bites you.
You hit the worm.
The worm is heavily wounded.
The worm bites you but does no damage.
You thump the worm!
You kill the worm!
No target in view!
No target in view!
e - 162 stones (gained 2)
e - 163 stones (gained 1)
e - 165 stones (gained 2)
q - 6 poisoned darts (gained 1)
q - 8 poisoned darts (gained 2)
You fall into a shaft and drop 2 floors!
The shaft crumbles and collapses.
A gnoll comes into view.
The gnoll shouts!
A gnoll comes into view. It is wielding a +0 spear.
The gnoll shouts!
You hear a bark! x2
Found a potion of brilliance and 2 red potions.
A bullfrog, 2 gnolls and a skeleton come into view.
Unknown command.
The gnoll shouts!
Found a helmet.
Found a stone staircase leading down.
The bullfrog gives a loud, deep croak!
You see here a helmet.
Press: ? - help, v - describe, . - travel
Here: a gnoll, wielding a +0 spear The floor.
Unknown command.
You aren't carrying any items that you can evoke.
Unknown command.
Okay, then.
You sock the bullfrog!
The bullfrog is heavily wounded.
The bullfrog hits you. x2
You barely miss the bullfrog.
The bullfrog is heavily wounded.
The bullfrog hits you but does no damage.
The gnoll hits you from afar with a +0 spear.
You closely miss the bullfrog.
The bullfrog is heavily wounded.
The bullfrog hits you.
The gnoll hits you from afar with a +0 spear.
The bullfrog completely misses you.
You hit the bullfrog.
The bullfrog is severely wounded.
The bullfrog hits you!
The gnoll hits you from afar with a +0 spear.
The bullfrog barely misses you.
The gnoll hits you from afar with a +0 spear.
You hit the bullfrog.
The bullfrog is severely wounded.
The bullfrog hits you! The bullfrog hits you.
The gnoll hits you but does no damage.
You barely miss the bullfrog.
The bullfrog is severely wounded.
The bullfrog hits you!
* * * LOW HITPOINT WARNING * * *
The gnoll completely misses you.
You feel much better.
The bullfrog hits you but does no damage.
The gnoll hits you from afar with a +0 spear.
The bullfrog hits you!
You barely miss the bullfrog.
The bullfrog is severely wounded.
The bullfrog hits you.
The gnoll hits you from afar with a +0 spear.
* * * LOW HITPOINT WARNING * * *
The bullfrog hits you.
* * * LOW HITPOINT WARNING * * *
You feel much better.
The bullfrog swells and bulges.
The bullfrog barely misses you.
The gnoll hits you from afar with a +0 spear!
You closely miss the bullfrog.
The bullfrog is severely wounded.
The bullfrog hits you. The gnoll hits you but does no damage.
The bullfrog hits you!
* * * LOW HITPOINT WARNING * * *
It was a potion of degeneration.
There was something very wrong with that liquid.
You feel weakened.
You feel dopey.
You feel clumsy. The bullfrog hits you!
* * * LOW HITPOINT WARNING * * *
The gnoll hits you from afar with a +0 spear!
You die...

#................
#................
#...............#
##..gZ!........#
##.....#gg....#
....####g#....#
..### #g#....# .
#F# ....> #@#
...#. #.# ### #.#
... #.# #.. ##. .


You could see a bullfrog and 4 gnolls.

Vanquished Creatures
  A scorpion (D:4)
  An orc wizard (D:3)
  A worker ant (D:4)
  A hound skeleton (D:2)
  7 adders
  4 oozes
  8 worms
  6 leopard geckos
  8 orcs
  2 ball pythons
  7 giant cockroaches
  9 goblins
  7 hobgoblins
  11 jackals
  9 bats
  5 frilled lizards
  10 kobolds
  3 rats
100 creatures vanquished.

Notes
Turn   | Place    | Note
-------+----------+-------------------------------------------
     0 | D:1      | edsrzf the Ogre Enchanter began the quest for the Orb.
     0 | D:1      | Reached XP level 1. HP: 16/16 MP: 3/3
    72 | D:1      | Reached skill level 1 in Fighting
   187 | D:1      | Reached XP level 2. HP: 27/27 MP: 5/5
   369 | D:1      | Reached skill level 3 in Spellcasting
   771 | D:1      | Reached skill level 2 in Fighting
   867 | D:1      | Reached XP level 3. HP: 32/35 MP: 7/7
  1202 | D:1      | Reached skill level 1 in Maces & Flails
  1458 | D:2      | Identified a potion of brilliance
  1459 | D:2      | Identified a potion of ambrosia
  1979 | D:2      | Reached skill level 3 in Fighting
  1979 | D:2      | Reached XP level 4. HP: 38/45 MP: 8/8
  2105 | D:2      | Found a shimmering altar of Xom.
  2404 | D:2      | Reached skill level 2 in Maces & Flails
  3022 | D:2      | Reached skill level 4 in Fighting
  3084 | D:2      | Noticed Natasha
  3368 | D:3      | Reached XP level 5. HP: 44/54 MP: 7/9
  3494 | D:3      | Noticed an ogre
  4585 | D:2      | Reached skill level 3 in Maces & Flails
  5441 | D:3      | Found a large runed translucent door.
  5441 | D:3      | Found a large runed translucent door.
  5526 | D:3      | Noticed Malfunktioned's ghost (amateur GrFi)
  5954 | D:3      | Reached skill level 4 in Maces & Flails
  5954 | D:3      | Reached XP level 6. HP: 26/62 MP: 10/10
  6145 | D:3      | Identified 2 scrolls of blinking
  6146 | D:3      | Identified 2 scrolls of identify
  6146 | D:3      | Identified 2 potions of heal wounds
  6147 | D:3      | Identified 2 scrolls of amnesia
  6148 | D:3      | Identified 2 scrolls of teleportation
  6149 | D:3      | Identified a scroll of fog
  6150 | D:3      | Identified a scroll of fear
  6152 | D:3      | Identified a scroll of magic mapping
  6328 | D:4      | Noticed a two-headed ogre
  6356 | D:4      | Noticed Dowan
  6653 | D:4      | You fall into a shaft and drop 2 floors!
  6671 | D:6      | Identified 3 potions of degeneration
  6671 | D:6      | Slain by a gnoll

Illustrated notes

Levels and vault maps discovered:
D:1:      wander_arrival_fairy_ring, layout_basic
D:2:      layout_basic, lemuel_crystal_altar, serial_curves, eino_curves_01,
          eino_curves_02, eino_curves_02, eino_curves_02, uniq_natasha
D:3:      layout_rooms, ebering_ghost_disaster_area, first_ration
D:4:      layout_rooms, biasface_ghost_orc_armoury, uniq_duvessa
D:6:      layout_rooms, minmay_temple_entry_offerings

Skill      XL: |  1  2  3  4  5 |
---------------+----------------+-----
Fighting       | 1 2 3 4 |  4.0
Spellcasting   | 3 |  3.0
Maces & Flails | 1 2 4 |  4.6
Short Blades   | |  0.8
Dodging        | |  1.7
Stealth        | |  2.1
Hexes          | |  2.6

Action                   |  1- 3 |  4- 6 || total
-------------------------+-------+-------++-------
Melee: Dagger            |   178 |   310 ||   488
       Flail             |       |    98 ||    98
Throw: Stone             |     6 |    74 ||    80
       Dart              |       |     5 ||     5
 Cast: Corona            |    13 |    35 ||    48
  Use: Potion            |     2 |     3 ||     5
       Scroll            |       |     8 ||     8
 Stab: Sleeping          |     5 |     2 ||     7
       Distracted        |       |     1 ||     1
  Eat: Chunk             |     2 |    10 ||    12
       Ration            |       |     2 ||     2
Armor: Robe              |    71 |    80 ||   151
Dodge: Dodged            |   101 |   184 ||   285
